 Dungeon Crawl Stone Soup version 0.15-b1-55-g17c0860 (webtiles) character file.

308 Nordron the Gusty (level 6, -1/34 HPs)
             Began as a Tengu Air Elementalist on Aug 10, 2014.
             Was a Follower of Nemelex Xobeh.
             Slain by Sigmund
             ... wielding a +0 scythe
              (4 damage)
             ... on Level 4 of the Dungeon.
             The game lasted 00:52:02 (3773 turns).

Nordron the Gusty (Tengu Air Elementalist)          Turns: 3773, Time: 00:52:02

HP  -1/34        AC  9     Str  8      XL: 6   Next: 40%
MP   1/15        EV 11     Int 17      God: Nemelex Xobeh [*.....]
Gold 294         SH  2     Dex 15      Spells:  3 memorised,  5 levels left

rFire  . . .     SeeInvis .     a - +1 dagger (drain)
rCold  + . .     Clarity  +     C - +4 leather armour of the Sparrow {rC+}
rNeg   . . .     rCorr    .     (no shield)
rPois  .         rRot     .     (helmet restricted)
rElec  .         Spirit   .     (no cloak)
SustAb .         Warding  .     (no gloves)
rMut   .         Stasis   .     (boots unavailable)
Gourm  .                        (no amulet)
MR     .....                    (no ring)
                                i - +6 ring of slaying

@: very slightly contaminated, hasted, very quick, not resistant to hostile
enchantments, unstealthy
A: able to fly, beak, talons 3, large bone plates 1, clarity, deterioration 1
a: Fly, Draw One, Renounce Religion


You were on level 4 of the Dungeon.
You worshipped Nemelex Xobeh.
Nemelex Xobeh was aware of your devotion.
You were not hungry.

You visited 1 branch of the dungeon, and saw 4 of its levels.

You collected 294 gold pieces.

Inventory:

Hand weapons
 a - a +1 dagger of draining (weapon)
 k - a +0 hand axe
 v - a +0 shortbow
Missiles
 w - 29 arrows
Armour
 m - a +0 leather armour
 A - a +1 scale mail of positive energy
 C - the +4 leather armour of the Sparrow (worn) {rC+}
   (You found it on level 4 of the Dungeon)

   It protects you from cold.
Comestibles
 c - 7 bread rations
 f - 2 meat rations
 x - a beef jerky
 B - 3 fruits
Scrolls
 d - a scroll of enchant armour {unknown}
 e - a scroll of random uselessness {unknown}
 j - a scroll of teleportation {unknown}
 l - 2 scrolls of identify
 q - a scroll of recharging {unknown}
 r - a scroll of blinking {unknown}
 u - a scroll of fear {unknown}
Jewellery
 i - a +6 ring of slaying (left hand)
Potions
 g - a potion of brilliance
 o - a potion of magic {unknown}
 p - a potion of heal wounds {unknown}
 s - a potion of restore abilities {unknown}
 t - a potion of agility {unknown}
Books
 b - a book of Air

   Spells                             Type                      Level
   *Shock                             Conjuration/Air              1
   *Swiftness                         Charms/Air                   2
   Repel Missiles                     Charms/Air                   2
   Flight                             Charms/Air                   3
   *Static Discharge                  Conjuration/Air              3
   Lightning Bolt                     Conjuration/Air              5
 y - a Necronomicon {highlevel, unknown}

   This book is beyond your current level of understanding.

   Spells                             Type                      Level
   Haunt                              Necromancy/Summoning         7
   Borgnjor's Revivification          Necromancy                   8
   Death's Door                       Charms/Necromancy            8
   Necromutation                      Transmutation/Necromancy     8


   Skills:
 + Level 1.1 Fighting
 + Level 2.0 Armour
 + Level 2.8 Dodging
 + Level 2.1 Stealth
 + Level 3.4 Spellcasting
 + Level 3.9 Conjurations
 + Level 5.5 Air Magic
 + Level 0.9 Evocations


You had 5 spell levels left.
You knew the following spells:

 Your Spells              Type           Power        Failure   Level  Hunger
a - Shock                 Conj/Air       ###.         2%          1    None
b - Static Discharge      Conj/Air       ###.....     10%         3    ###....
c - Swiftness             Chrm/Air       ##......     10%         2    ##.....


Dungeon Overview and Level Annotations

Branches:
Dungeon (4/15)             Temple (0/1) D:4

Altars:
Cheibriados
Kikubaaqudgha
Nemelex Xobeh
Okawaru
Sif Muna
Trog

Annotations:
D:4 Sigmund


Innate Abilities, Weirdness & Mutations

You can fly.
You have a beak for a mouth.
You have claws for feet.
You are partially covered in large bone plates (AC +2, SH +2).
You possess an exceptional clarity of mind.
Your body is slowly deteriorating.


Message History

You hear some strange, mumbled words.
Something tries to affect you, but you resist.
You feel yourself speed up.
It was a potion of haste.
Something hits you.
* * * LOW HITPOINT WARNING * * *
You are very lightly contaminated with residual magic.
Something hits you but does no damage.
Ouch! Ouch! You hear some strange, mumbled words.
Something tries to affect you, but you resist.
Ouch! Something hits you.
* * * LOW HITPOINT WARNING * * *
You're too confused to cast spells.
You're too confused!
Ouch! You're too confused to cast spells.
You feel less confused. Something hits you.
You die...
Your body disappears without a glow.

###########
#.@......[#
#####.#######.#
#.....# #.# ##
## #.##### #.#
.... #.# #.#
.#. .
######.###....
#.# .. ..
#...%......#
#.# .#...
#.######.###
#.####..... #.#
#.# #....@.....


There were no monsters in sight!

Vanquished Creatures
  An ogre (D:4)
  A centaur (D:3)
  7 adders
  A worm (D:2)
  An adder skeleton (D:4)
  3 giant geckos
  3 orcs (D:3)
  11 bats
  9 goblins
  10 hobgoblins
  10 jackals
  A ball python (D:3)
  4 giant cockroaches
  4 giant newts
  11 kobolds
  A kobold skeleton (D:4)
  A quokka (D:4)
  10 rats
89 creatures vanquished.

Vanquished Creatures (collateral kills)
  A killer bee (D:3)
  An ufetubus (D:3)
  A hobgoblin (D:3)
  A kobold (D:3)
4 creatures vanquished.

Grand Total: 93 creatures vanquished

Notes
Turn   | Place    | Note
--------------------------------------------------------------
     0 | D:1      | Nordron, the Tengu Air Elementalist, began the quest for the Orb.
     0 | D:1      | Reached XP level 1. HP: 10/10 MP: 3/3
   222 | D:1      | Reached XP level 2. HP: 15/15 MP: 1/5
   884 | D:1      | Reached XP level 3. HP: 19/19 MP: 1/7
  1091 | D:1      | Learned a level 3 spell: Static Discharge
  1094 | D:1      | Learned a level 2 spell: Swiftness
  1453 | D:2      | Reached XP level 4. HP: 18/24 MP: 0/9
  1860 | D:2      | Found a bloodstained altar of Trog.
  1861 | D:2      | Found an iron altar of Okawaru.
  2153 | D:3      | Found a snail-covered altar of Cheibriados.
  2169 | D:3      | Reached skill level 5 in Air Magic
  2172 | D:3      | Found an ancient bone altar of Kikubaaqudgha.
  2334 | D:3      | Noticed a centaur
  2348 | D:3      | Killed a centaur
  2348 | D:3      | Reached XP level 5. HP: 11/28 MP: 0/13
  2569 | D:3      | Found a sparkling altar of Nemelex Xobeh.
  2581 | D:3      | Became a worshipper of Nemelex Xobeh the Trickster
  2582 | D:3      | Received a gift from Nemelex Xobeh
  3079 | D:3      | Reached skill level 1 in Fighting
  3348 | D:4      | Noticed an ogre
  3360 | D:4      | Killed an ogre
  3360 | D:4      | Reached skill level 1 in Armour
  3360 | D:4      | Reached XP level 6. HP: 34/34 MP: 9/15
  3464 | D:4      | Found a staircase to the Ecumenical Temple.
  3595 | D:4      | Found a deep blue altar of Sif Muna.
  3626 | D:4      | Acquired Nemelex Xobeh's first power
  3692 | D:4      | Got a jewelled leather armour
  3704 | D:4      | Identified the +4 leather armour of the Sparrow {rC+} (You found it on level 4 of the Dungeon)
  3716 | D:4      | Noticed Sigmund
  3764 | D:4      | Gained mutation: Your body is slowly deteriorating. [potion of mutation]
  3764 | D:4      | Gained mutation: You are partially covered in large bone plates (AC +2, SH +2). [potion of mutation]
  3764 | D:4      | Gained mutation: You possess an exceptional clarity of mind. [potion of mutation]
  3773 | D:4      | Slain by Sigmund

Action                   |  1- 3 |  4- 6 || total
-------------------------+-------+-------++-------
Melee: Hand axe          |    10 |     1 ||    11
       Whip              |     7 |       ||     7
       Dagger            |       |     9 ||     9
       Unarmed           |       |     3 ||     3
 Cast: Shock             |    60 |   137 ||   197
       Static Discharge  |     1 |     2 ||     3
       Swiftness         |     1 |     1 ||     2
Evoke: Deck              |       |    17 ||    17
  Use: Scroll            |       |     4 ||     4
       Potion            |       |     5 ||     5
  Eat: Chunk             |     2 |     8 ||    10
